 Dungeon Crawl Stone Soup version 0.28-a0-704-g4d584c6bc1 (webtiles) character file.

Game seed: 16178301508593949699

46041 Astera the Unseen (level 14, -2/105 HPs)
             Began as a Spriggan Delver on Oct 14, 2021.
             Was a High Priest of Dithmenos.
             Succumbed to hofbold's ghost's poison
             ... on level 1 of the Lair of Beasts on Oct 24, 2021.
             The game lasted 04:06:21 (39509 turns).

Astera the Unseen (Spriggan Delver)                Turns: 39509, Time: 04:06:22

Health: -2/105     AC: 27    Str:  9    XL:     14   Next: 3%
Magic:  15/15      EV:  4    Int: 15    God:    Dithmenos [*****.]
Gold:   1029       SH:  5    Dex: 19    Spells: 13/13 levels left

rFire   . . .      SeeInvis +   V - +0 dagger (vamp)
rCold   . . .      Faith    .   (shield restricted)
rNeg    + . .      Spirit   .   (armour currently unavailable)
rPois   +          Reflect  +   (helmet currently unavailable)
rElec   .          Harm     .   (cloak currently unavailable)
rCorr   .          Rampage  .   (gloves unavailable)
Will    ++...      NoTele   +   (boots unavailable) Stlth ***+++++++
                                p - amulet of reflection
HPRegen 0.27/turn               P - ring of poison resistance
MPRegen 0.14/turn               J - ring of positive energy

@: lethally poisoned (-2 -> -21), tree-form, wreathed by umbra
A: stationary, stasis, torment immunity, boosted hp, very small, no large
weapons, unfitting armour, see invisible, (speed 3), clever 1, inability to read
while threatened
a: Renounce Religion, Shadow Step, Shadow Form


You were on level 1 of the Lair of Beasts.
You worshipped Dithmenos.
Dithmenos was extremely pleased with you.
You were a tree.
You visited 3 branches of the dungeon, and saw 17 of its levels.

You collected 1567 gold pieces.
You spent 538 gold pieces at shops.

Inventory:

Hand Weapons
 q - a +1 dagger of venom
 w - a +0 dagger of protection
 L - a +1 dagger of distortion
 S - the +1 hunting sling "Ixzaup" {vorpal, Will+ Str+4 Int+2}
   (You found it on level 1 of the Lair of Beasts)

   Any ammunition fired from it inflicts extra damage upon your enemies.
   Str:       It affects your strength (+4).
   Int:       It affects your intelligence (+2).
   Will:      It increases your willpower.
 V - a +0 vampiric dagger (weapon)
Missiles
 x - 7 poisoned darts
 R - 20 sling bullets
 T - 8 boomerangs (quivered)
 U - 4 boomerangs of dispersal
 W - 3 silver boomerangs
Armour
 i - a +1 robe of willpower (melded)
 o - a +0 cloak (melded)
 M - a +0 hat of willpower (melded)
 O - a scarf of repulsion
 Z - a +0 troll leather armour
Jewellery
 p - an amulet of reflection (around neck)
 E - the macabre finger necklace {rN+}
   (You found it on level 2 of the Orcish Mines)

   [amulet of nothing]

   It enables you to equip an extra ring.
   rN:        It protects you from negative energy.
 I - a ring of ice
 J - a ring of positive energy (right branch)
 P - a ring of poison resistance (left branch)
 X - a ring of resist corrosion
Wands
 a - a wand of flame (62)
 b - a wand of mindburst (11)
 g - a wand of digging (10)
 t - a wand of polymorph (13)
 y - a wand of iceblast (8)
 z - a wand of paralysis (7)
Scrolls
 c - 5 scrolls of fog
 d - 5 scrolls of magic mapping
 e - 2 scrolls of fear
 l - 2 scrolls of silence
 m - 3 scrolls of enchant weapon
 n - a scroll of summoning
 s - 2 scrolls of brand weapon
 C - 2 scrolls of blinking
 D - a scroll of amnesia {unknown}
 N - 9 scrolls of teleportation
 Q - 2 scrolls of enchant armour {unknown}
 Y - 2 scrolls of holy word
Potions
 f - 2 potions of haste
 j - a potion of cancellation
 u - 2 potions of might
 v - a potion of berserk rage {unknown}
 F - 2 potions of lignification
 G - 2 potions of flight
 H - 3 potions of invisibility
 K - a potion of attraction {unknown}
Miscellaneous
 B - a lightning rod (inert)


   Skills:
 + Level 6.6 Fighting
 + Level 10.9 Short Blades
 + Level 13.1 Throwing
 + Level 12.2 Dodging
 + Level 20.6 Stealth
 + Level 4.8 Shields
 + Level 0.7 Evocations


You had 13 spell levels left.
You didn't know any spells.
Your spell library contained the following spells:

 Spells                   Type           Power      Damage    Failure   Level
 Magic Dart               Conj           0%         1d3       26%         1
 Sandblast                Erth           0%         2d4       26%         1
 Call Imp                 Summ           0%         N/A       38%         2
 Passwall                 Tmut/Erth      0%         N/A       38%         2
 Conjure Flame            Conj/Fire      0%         6-21      63%         3
 Ignite Poison            Fire/Tmut/Pois 0%         N/A       63%         3
 Mephitic Cloud           Conj/Pois/Air  0%         N/A       63%         3
 Stone Arrow              Conj/Erth      0%         3d7       63%         3
 Swiftness                Air            0%         N/A       63%         3
 Animate Dead             Necr           0%         N/A       95%         4
 Summon Forest            Summ/Tloc      0%         N/A       100%        5
 Death Channel            Necr           0%         N/A       100%        6
 Invisibility             Hex            0%         N/A       100%        6
 Summon Horrible Things   Summ           0%         N/A       100%        8


Dungeon Overview and Level Annotations

Branches:
Dungeon (14/15)            Temple (0/1) D:7            Lair (1/6) D:11
    Orc (2/2) D:11            Elf (0/3) Orc:2        Vaults (0/5) D:13

Altars:
Ashenzari
Dithmenos
Elyvilon
Gozag
Makhleb
Nemelex Xobeh
Trog
Vehumet
Zin
The Shining One
Beogh

Shops:
D:6 (   Orc:2 ?[[(

Annotations:
D:3 1 runed translucent door, Crazy Yiuf
D:12 3 runed translucent doors, Naomaxaco's ghost, journeyman DDFi
Lair:1 hofbold's ghost, novice OgHu


Innate Abilities, Weirdness & Mutations

You are a tree.
Your roots penetrate the ground, keeping you stationary.
You cannot be teleported.
You are immune to unholy pain and torment.
Your maximum health is greatly increased.
Your equipment is partially melded.
You are very small and have problems with some larger weapons.
You are too small for most types of armour.
You have supernaturally acute eyesight. (SInv)
((You cover ground extremely quickly. (Speed+++)))
Your mind is acute. (Int +2)
You sometimes lose the ability to read scrolls when taking damage.


Message History

Your +0 dagger of protection goes still.
You feel a sense of dread.
V - a +0 vampiric dagger (weapon)
Hofbold's ghost hits you but does no damage.
You hit hofbold's ghost but do no damage.
Hofbold's ghost is almost destroyed.
You feel sick.
You hit hofbold's ghost but do no damage.
Hofbold's ghost is almost destroyed.
You feel sick. You block hofbold's ghost's attack.
You hit hofbold's ghost but do no damage.
Hofbold's ghost is almost destroyed.
Your shadow completely misses hofbold's ghost.
You hit hofbold's ghost but do no damage.
Hofbold's ghost is almost destroyed.
You feel sick.
Hofbold's ghost hits you but does no damage.
You are lethally poisoned!
You hit hofbold's ghost but do no damage.
Hofbold's ghost is almost destroyed.
* * * LOW HITPOINT WARNING * * *
You feel sick.
You hit hofbold's ghost.
Hofbold's ghost is almost destroyed.
* * * LOW HITPOINT WARNING * * *
You feel sick. Hofbold's ghost barely misses you.
Okay, then.
Really quaff the potion of mutation?
You feel extremely strange.
You lose the ability to read scrolls when threatened.
You feel clever.
* * * LOW HITPOINT WARNING * * *
You feel sick.
Hofbold's ghost hits you but does no damage.
You are more poisoned.
Unknown command.
Unknown command.
You hit hofbold's ghost but do no damage.
Hofbold's ghost is almost destroyed.
You die...

##..# ##. #...# #.
##..# #. #...# #(
#P..# ##. . ####..#
#.. . #### #.....# ###
. ##..######.#...#####
#§#.♣#h.#..##......##
##..W.#F.##>###......#
#§).(.+.....#######.##
##≈.#≈+...#..# #.##
#..≈.≈#.....#### ##.##
###.≈≈#...#....# #..#
#.##.#........####.#
## ###...........†.#
###..>P..###P.#


You could see a cane toad, a wolf and hofbold's ghost.

Vanquished Creatures
  Gastronok (Lair:1)
  An orc warlord (Orc:2)
  Nessos (D:13)
  A fire dragon (D:13)
  2 boulder beetles
  A hydra (D:13)
  5 centaur warriors
  8 two-headed ogres
  5 orc high priests (Orc:2)
  5 orc knights
  7 orc sorcerers
  3 ugly things
  4 cyclopes
  3 manticores
  A shining eye (shapeshifter) (D:13)
  A black mamba (Lair:1)
  3 cane toads (Lair:1)
  A komodo dragon (Lair:1)
  A kobold demonologist (D:13)
  A komodo dragon (shapeshifter) (D:14)
  A tengu conjurer (D:13)
  6 trolls
  A blink frog (shapeshifter) (D:13)
  5 slime creatures
  A meliai zombie (D:10)
  20 yaks
  3 vampires
  2 wraiths
  Eustachio (D:5)
  2 wyverns (D:8)
  4 wargs
  A steam dragon (D:9)
  15 vampire mosquitoes
  5 water moccasins
  An acid dragon (D:11)
  44 orc warriors
  7 black bears
  A hornet zombie (D:9)
  A sky beast (D:7)
  8 ogres
  9 centaurs
  4 wolves (Lair:1)
  A phantom (D:6)
  8 bullfrogs
  2 wyvern zombies (D:8)
  3 gnoll sergeants
  2 scorpions
  4 wights
  A howler monkey (D:8)
  A centaur zombie (D:10)
  A bullfrog zombie (D:5)
  A jelly (D:8)
  A centaur skeleton (D:7)
  21 orc priests
  3 hounds
  3 iguanas
  Terence (D:2)
  Ijyb (D:3)
  25 orc wizards
  A howler monkey zombie (D:8)
  11 gnolls
  A howler monkey skeleton (D:6)
  3 adders
  An ufetubus (D:5)
  3 dart slugs
  100 orcs
  7 ball pythons
  6 bats
  7 endoplasms
  6 giant cockroaches
  2 goblins (D:3)
  15 hobgoblins
  4 jackals (D:1)
  4 kobolds
  4 quokkas
  2 frilled lizards
  7 rats
460 creatures vanquished.

Vanquished Creatures (others)
  An orc (Orc:2)
  23 fungi
  40 plants
64 creatures vanquished.

Grand Total: 524 creatures vanquished

Notes
Turn   | Place    | Note
-------+----------+-------------------------------------------
     0 | D:5      | Astera the Spriggan Delver began the quest for the Orb.
     0 | D:5      | Reached XP level 1. HP: 11/11 MP: 2/2
    12 | D:5      | Noticed a yak
    12 | D:5      | Noticed a yak
    12 | D:5      | Noticed a yak
    12 | D:5      | Noticed a scorpion
    13 | D:5      | Noticed a yak
    32 | D:5      | Noticed a hound
    33 | D:5      | Noticed a hound
    37 | D:5      | Noticed Eustachio
    40 | D:5      | Noticed a yak
    43 | D:5      | Noticed a black bear
    50 | D:5      | Noticed an iguana
    68 | D:5      | Noticed a scorpion
    75 | D:5      | Killed a scorpion
    76 | D:5      | Reached skill level 8 in Stealth
    76 | D:5      | Reached XP level 2. HP: 16/16 MP: 3/3
    76 | D:5      | Reached XP level 3. HP: 19/19 MP: 4/4
   105 | D:5      | Found a glowing silver altar of Zin.
   544 | D:3      | Noticed Ijyb
   565 | D:3      | Reached skill level 9 in Stealth
   693 | D:1      | Reached XP level 4. HP: 20/23 MP: 5/5
   930 | D:1      | Found a faded altar of an unknown god.
  1636 | D:2      | Noticed Terence
  1660 | D:2      | Killed Terence
  1809 | D:2      | Noticed an ogre
  1848 | D:2      | Killed an ogre
  1849 | D:2      | Reached skill level 10 in Stealth
  1849 | D:2      | Reached XP level 5. HP: 28/28 MP: 6/6
  2162 | D:2      | You fall into a shaft and drop 1 floor!
  2583 | D:3      | Found a runed translucent door.
  2584 | D:3      | Noticed Crazy Yiuf
  2711 | D:3      | Killed Ijyb
  2712 | D:3      | Reached XP level 6. HP: 32/32 MP: 7/7
  3348 | D:4      | Found a burning altar of Makhleb.
  3584 | D:4      | Found a shadowy altar of Dithmenos.
  3594 | D:4      | Became a worshipper of Dithmenos the Shadowed
  4522 | D:4      | Reached XP level 7. HP: 24/36 MP: 8/8
  4808 | D:4      | Reached skill level 11 in Stealth
  5140 | D:5      | Killed Eustachio
  5141 | D:5      | Reached skill level 5 in Short Blades
  5249 | D:5      | Found a bloodstained altar of Trog.
  5281 | D:5      | Reached skill level 1 in Shields
  5283 | D:5      | Reached * piety under Dithmenos
  5943 | D:6      | Found a radiant altar of Vehumet.
  6057 | D:6      | Found Ecus's Antique Weapon Boutique.
  6103 | D:6      | Reached skill level 5 in Dodging
  6103 | D:6      | Reached XP level 8. HP: 40/40 MP: 9/9
  7042 | D:4      | Reached skill level 1 in Throwing
  7468 | D:5      | Reached skill level 12 in Stealth
  8194 | D:7      | Reached XP level 9. HP: 27/45 MP: 10/10
  8739 | D:7      | Upgraded the game from 0.28-a0-661-g144af121cd to
                  | 0.28-a0-664-gc179e30c89
  9329 | D:7      | Found a staircase to the Ecumenical Temple.
 10653 | D:8      | Found a sparkling altar of Nemelex Xobeh.
 10915 | D:8      | Upgraded the game from 0.28-a0-664-gc179e30c89 to
                  | 0.28-a0-667-g162e43154e
 11187 | D:8      | Reached skill level 5 in Throwing
 11242 | D:8      | Noticed a cyclops
 11345 | D:8      | Reached skill level 13 in Stealth
 11655 | D:8      | Killed a cyclops
 11656 | D:8      | Reached XP level 10. HP: 51/51 MP: 11/11
 11766 | D:8      | Reached ** piety under Dithmenos
 11800 | D:8      | Found an opulent altar of Gozag.
 12520 | D:9      | Found a glowing golden altar of the Shining One.
 12520 | D:9      | Found a white marble altar of Elyvilon.
 12628 | D:9      | Reached skill level 14 in Stealth
 13762 | D:10     | Entered Level 10 of the Dungeon
 14701 | D:10     | Reached skill level 15 in Stealth
 16720 | D:11     | Reached skill level 5 in Fighting
 16872 | D:11     | Reached XP level 11. HP: 5/55 MP: 12/12
 17285 | D:11     | Reached *** piety under Dithmenos
 18272 | D:11     | Found a staircase to the Orcish Mines.
 18731 | D:11     | Found a staircase to the Lair.
 19729 | D:12     | Noticed a two-headed ogre
 20146 | D:12     | Reached skill level 10 in Short Blades
 20801 | D:11     | Found a staircase to the Lair.
 20860 | D:11     | Found a staircase to the Orcish Mines.
 21121 | D:11     | Killed a two-headed ogre
 21191 | D:12     | Noticed a boulder beetle
 21243 | Orc:1    | Entered Level 1 of the Orcish Mines
 21591 | Orc:1    | Reached **** piety under Dithmenos
 21819 | Orc:1    | Noticed an orc knight
 21826 | Orc:1    | Killed an orc knight
 21827 | Orc:1    | Reached skill level 16 in Stealth
 22139 | Orc:1    | Noticed an orc sorcerer
 22200 | Orc:1    | Killed an orc sorcerer
 22323 | Orc:2    | Entered Level 2 of the Orcish Mines
 23349 | Orc:2    | Noticed a two-headed ogre
 23563 | Orc:2    | Killed a two-headed ogre
 23776 | Orc:2    | Noticed an orc knight
 23777 | Orc:2    | Found Peolote Kakh's Weapon Boutique.
 24495 | Orc:2    | Killed an orc knight
 24549 | Orc:2    | Found Ymullouz's Antique Armour Shop.
 24549 | Orc:2    | Noticed an orc knight
 24553 | Orc:2    | Killed an orc knight
 24554 | Orc:2    | Reached XP level 12. HP: 60/60 MP: 13/13
 24556 | Orc:2    | Bought a pair of glowing boots for 142 gold pieces
 24645 | Orc:2    | Reached ***** piety under Dithmenos
 24771 | Orc:2    | Noticed a two-headed ogre
 24771 | Orc:2    | Noticed a two-headed ogre
 24775 | Orc:2    | Killed a two-headed ogre
 24776 | Orc:2    | Killed a two-headed ogre
 24777 | Orc:2    | Reached skill level 10 in Throwing
 24779 | Orc:2    | Reached skill level 17 in Stealth
 24791 | Orc:2    | Upgraded the game from 0.28-a0-667-g162e43154e to
                  | 0.28-a0-677-g3278d6a771
 24980 | Orc:2    | Reached skill level 10 in Dodging
 25072 | Orc:2    | Noticed an orc high priest
 25104 | Orc:2    | Killed an orc high priest
 25287 | Orc:2    | Noticed a two-headed ogre
 25511 | Orc:2    | Killed a two-headed ogre
 25512 | Orc:2    | Reached skill level 18 in Stealth
 25715 | Orc:2    | Found a staircase to the Elven Halls.
 25751 | Orc:2    | Found the macabre finger necklace {rN+}
 26670 | Orc:2    | Noticed an orc high priest
 26779 | Orc:2    | Killed an orc high priest
 26954 | Orc:2    | Noticed an orc warlord
 27959 | Orc:2    | Killed an orc warlord
 28043 | Orc:2    | Found Furegaw's Antique Armour Emporium.
 28044 | Orc:2    | Noticed an orc high priest
 28289 | Orc:2    | Killed an orc high priest
 29247 | Orc:2    | Noticed an orc high priest
 29306 | Orc:2    | Killed an orc high priest
 29418 | Orc:2    | Reached XP level 13. HP: 57/65 MP: 14/14
 29525 | Orc:2    | Found Afas's Magic Scroll Boutique.
 29538 | Orc:2    | Bought a scroll of blinking for 97 gold pieces
 29538 | Orc:2    | Bought a scroll of teleportation for 39 gold pieces
 29538 | Orc:2    | Bought 2 scrolls of teleportation for 78 gold pieces
 29538 | Orc:2    | Bought 3 scrolls of fog for 78 gold pieces
 30831 | Orc:2    | Bought a scroll of identify for 26 gold pieces
 30834 | Orc:2    | Bought a scroll of identify for 26 gold pieces
 30834 | Orc:2    | Bought a scroll of identify for 26 gold pieces
 30834 | Orc:2    | Bought a scroll of identify for 26 gold pieces
 30837 | Orc:2    | Upgraded the game from 0.28-a0-677-g3278d6a771 to
                  | 0.28-a0-684-g30a9fa1a03
 30978 | D:12     | Found a runed translucent gate.
 30978 | D:12     | Found a runed translucent gate.
 30978 | D:12     | Found a runed translucent gate.
 30981 | D:12     | Noticed Naomaxaco's ghost (journeyman DDFi)
 33799 | D:13     | You fall into a shaft and drop 1 floor!
 33821 | D:14     | Found a broken altar of Ashenzari.
 33951 | D:14     | Identified the +1 flail "Muacaox" {drain, Fly}
 33981 | D:14     | Reached skill level 19 in Stealth
 34309 | D:13     | Noticed Nessos
 35196 | D:13     | Reached skill level 20 in Stealth
 35203 | D:13     | Noticed a fire dragon
 35208 | D:13     | Killed a fire dragon
 35215 | D:13     | Found a gate to the Vaults.
 35219 | D:13     | Got the Collected Works on Lethal Poisoning
 35792 | D:13     | Killed Nessos
 36630 | D:13     | Got the Handbook of the Creative Arsonist
 36711 | Lair:1   | Entered Level 1 of the Lair of Beasts
 37112 | Lair:1   | Noticed Gastronok
 37283 | Lair:1   | Killed Gastronok
 37581 | Lair:1   | Found a large runed translucent door.
 37581 | Lair:1   | Found a large runed translucent door.
 37584 | Lair:1   | Noticed hofbold's ghost (novice OgHu)
 38060 | Lair:1   | Upgraded the game from 0.28-a0-684-g30a9fa1a03 to
                  | 0.28-a0-704-g4d584c6bc1
 38184 | Lair:1   | Reached XP level 14. HP: 69/70 MP: 15/15
 38479 | Lair:1   | Identified the +1 hunting sling "Ixzaup" {vorpal, Will+
                  | Str+4 Int+2}
 39505 | Lair:1   | HP: 5/105 [poisoned by hofbold's ghost]
 39507 | Lair:1   | HP: 2/105 [poisoned by hofbold's ghost]
 39508 | Lair:1   | Gained mutation: You sometimes lose the ability to read
                  | scrolls when taking damage. [potion of mutation]
 39508 | Lair:1   | Gained mutation: Your mind is acute. (Int +2) [potion of
                  | mutation]
 39509 | Lair:1   | Succumbed to hofbold's ghost's poison

Illustrated notes

Levels and vault maps discovered:
D:1:      dpeg_arrival_prison, layout_rooms,
          hellmonk_ecumenical_altar_leap_of_faith
D:2:      layout_loops_cross, minmay_misc_feat_secret_circle, uniq_terence
D:3:      layout_basic, uniq_ijyb, uniq_crazy_yiuf_cottage
D:4:      layout_loops_ring, nicolae_dithmenos_shadow_blocks,
          makhleb_blood_cavern_becter, dk_noncrumbling_3
D:5:      layout_cave_pools, zin_academy, trog_butcher_becter, uniq_eustachio
D:6:      layout_gridville, fiery_altar_vehumet, serial_shops,
          nicolae_shop_waterfront
D:7:      layout_gridville, minmay_temple_entry_grid
D:8:      nzn_winding_woodlands_medium [nzn_winding_woodlands_hourglass,
          nzn_winding_woodlands_5x15_sawtooth,
          nzn_winding_woodlands_5x5_checkerboard,
          nzn_winding_woodlands_5x5_perimeter,
          nzn_winding_woodlands_center_diamonds,
          nzn_winding_woodlands_5x5_open_star, nzn_winding_woodlands_5x5_cross,
          nzn_winding_woodlands_5x15_split_checker,
          nzn_winding_woodlands_5x5_three], layout_loops_ring,
          lemuel_crystal_altar, lemuel_tele_altar
D:9:      layout_loops_ring, gammafunk_temple_overflow_elements
D:10:     layout_roguey
D:11:     layout_roguey, grunt_lair_entry_orc_guard_hut, david_orc_4
D:12:     layout_irregular_city, gammafunk_ghost_nasty_kobolds
D:13:     layout_roguey, david_vaults_4, uniq_nessos
D:14:     layout_loops_ring, hangedman_abyss_or_decor_stagger,
          ashenzari_conservatory_becter
Lair:1:   layout_loops_ring, ebering_ghost_disaster_area, serial_bayou_shore_a,
          uniq_gastronok
Orc:1:    cheibrodos_orc_bank, layout_diamond_mine
Orc:2:    pubby_orc_utopia

Skill      XL: |  1  2  3  4  5  6  7  8  9 10 11 12 13 |
---------------+----------------------------------------+-----
Stealth        | 8 9 10 11 12 13 15 16 18 20 | 20.6
Dodging        | 3 4 5 6 7 8 9 10 12 | 12.2
Short Blades   | 3 4 5 7 8 9 10 | 10.9
Fighting       | 3 4 5 6 |  6.6
Shields        | 1 2 3 4 |  4.8
Throwing       | 3 5 7 9 12 13 | 13.1
Evocations     | |  0.7

Action                   |  1- 3 |  4- 6 |  7- 9 | 10-12 | 13-15 || total
-------------------------+-------+-------+-------+-------+-------++-------
Melee: Short sword       |    29 |   201 |       |       |       ||   230
       Dagger            |       |    80 |   522 |  1563 |  1400 ||  3565
Throw: Dart              |       |       |   115 |   302 |     9 ||   426
       Boomerang         |       |       |       |   184 |    70 ||   254
       Throwing net      |       |       |       |     1 |       ||     1
Evoke: Wand              |       |       |       |     6 |     3 ||     9
       Lightning rod     |       |       |       |       |     4 ||     4
  Use: Scroll            |       |       |       |    12 |     7 ||    19
       Potion            |       |       |       |       |    14 ||    14
 Stab: Sleeping          |     7 |    30 |    16 |    64 |    25 ||   142
       Distracted        |       |     1 |     4 |     8 |     4 ||    17
       Held in net/web   |       |       |       |     1 |       ||     1
Armor: Robe              |     1 |    18 |    15 |    26 |    88 ||   148
       Skin              |       |       |       |       |     8 ||     8
Dodge: Dodged            |    22 |   157 |   197 |   563 |   738 ||  1677
       Repelled          |       |       |       |       |     1 ||     1
Block: Other             |       |    24 |    61 |   139 |   172 ||   396
       Reflection        |       |       |       |     1 |     5 ||     6

Table legend: (Time is in decaauts)
 A = Elapsed time spent in this place.
 B = Non-inter-level travel time spent in this place.
 C = Inter-level travel time spent in this place.
 D = Time resting spent in this place.
 E = Time spent auto-exploring this place.
 F = Levels seen in this place.
 G = Mean time per level.
                   A        B        C        D        E       F      G
               +--------+--------+--------+--------+--------+-----+--------+
         Total |  29689 |  28606 |   1083 |  13109 |   4728 |  17 | 1746.4 |
       Dungeon |  20628 |  19677 |    951 |   9054 |   3962 |  14 | 1473.4 |
          Lair |   1747 |   1685 |     62 |    691 |     31 |   1 | 1747.0 |
  Orcish Mines |   7313 |   7243 |     70 |   3364 |    734 |   2 | 3656.5 |
               +--------+--------+--------+--------+--------+-----+--------+

Top non-repeatable levels by time:
   Orc:2: 5386 daAuts
    D:11: 3260 daAuts
    D:12: 2578 daAuts
     D:4: 2429 daAuts
     D:9: 2103 daAuts
   Orc:1: 1927 daAuts
    D:10: 1911 daAuts
     D:7: 1886 daAuts
  Lair:1: 1747 daAuts
     D:8: 1247 daAuts
    D:13: 1144 daAuts
     D:5: 969 daAuts
     D:6: 925 daAuts
     D:1: 735 daAuts
     D:2: 539 daAuts
